 Dungeon Crawl Stone Soup version 0.23.1 (webtiles) character file.

Game seed: 0

127298 Kairos the Unseen (level 17, -18/77 HPs)
             Began as a Vine Stalker Assassin on Mar 14, 2019.
             Was a Follower of Uskayaw.
             Demolished by a spark wasp (22 damage)
             ... on level 4 of the Spider Nest on Mar 16, 2019.
             The game lasted 01:32:47 (23546 turns).

Kairos the Unseen (Vine Stalker Assassin)          Turns: 23546, Time: 01:32:48

Health: -18/77     AC: 15    Str: 23    XL:     17   Next: 0%
Magic:  0/36       EV:  8    Int: 19    God:    Uskayaw [*.....]
Gold:   1056       SH:  0    Dex: 25    Spells: 19/32 levels left

rFire    + . .     SeeInvis +   y - +4 dagger (speed)
rCold    . . .     Gourm    .   B - +3 buckler
rNeg     . . .     Faith    .   C - +2 scale mail "Iwkurew" {Str+3 Int+2}
rPois    +         Spirit   +   T - +1 hat {SInv}
rElec    .         Reflect  .   J - -3 cloak of a volcano {rPois Regen+ Int+4} (curse)
rCorr    .         Harm     .   I - +1 pair of gloves {archery}
MR       ++...                  u - +0 pair of boots
Stlth    +++++++...             x - amulet of magic regeneration
HPRegen  1.42/turn              t - +5 ring of strength
MPRegen  0.50/turn              G - ring "Dyhiaw" {rF+ MP+9 Dex+3 Slay+5}

@: held
A: fangs 3, icy blue scales 1, clever 1, frail 1, low mp 1, regeneration 2,
magic shield, antimagic bite, no potion heal 3, rot immunity
a: Stomp, Renounce Religion


You were on level 4 of the Spider Nest.
You worshipped Uskayaw.
Uskayaw was aware of your devotion.
You were not hungry.

You visited 5 branches of the dungeon, and saw 27 of its levels.
You also visited: Sewer.

You collected 1791 gold pieces.
You spent 735 gold pieces at shops.

Inventory:

Hand Weapons
 y - a +4 dagger of speed (weapon)
 Q - the +5 dagger of Fear {freeze, rElec rF+ Int+4}
   (You found it on level 2 of the Lair of Beasts)

   It has been specially enchanted to freeze those struck by it, causing extra
   injury to most foes and up to half again as much damage against particularly
   susceptible opponents.
   It can also slow down cold-blooded creatures.
   It affects your intelligence (+4).
   It protects you from fire.
   It insulates you from electricity.
 R - a +3 demon blade of draining
Missiles
 a - 3 throwing nets (quivered)
Armour
 q - a scarf of repulsion
 u - a +0 pair of boots (worn)
 v - a +2 cloak
 B - a +3 buckler (worn)
 C - the +2 scale mail "Iwkurew" (worn) {Str+3 Int+2}
   (You found it on level 6 of the Dungeon)

   It affects your strength (+3).
   It affects your intelligence (+2).
 I - a +1 pair of gloves of archery (worn)
 J - the cursed -3 cloak of a volcano (worn) {rPois Regen+ Int+4}
   (You found it on level 15 of the Dungeon)

   It affects your intelligence (+4).
   It protects you from poison.
   It increases your rate of regeneration.
   It has a curse placed upon it.
 K - a +3 ring mail of fire resistance
 T - a +1 hat of see invisible (worn)
Jewellery
 t - a +5 ring of strength (left hand)
 x - an amulet of magic regeneration (around neck)
 D - an uncursed ring of protection from cold
 G - the ring "Dyhiaw" (right hand) {rF+ MP+9 Dex+3 Slay+5}
   (You found it on level 7 of the Dungeon)

   [ring of slaying]

   It affects your dexterity (+3).
   It affects your accuracy and damage with ranged weapons and melee attacks
   (+5).
   It protects you from fire.
   It affects your magic capacity (+9).
 S - an uncursed ring of magical power
 U - a +3 ring of dexterity
 V - an uncursed ring of stealth
 Z - an uncursed amulet of rage
Wands
 d - a wand of flame (96)
 h - a wand of paralysis (24)
 j - a wand of acid (32)
 E - a wand of disintegration (24)
 L - a wand of iceblast (18)
Scrolls
 i - a scroll of identify
 k - a scroll of silence
 n - 11 scrolls of remove curse
 o - 7 scrolls of amnesia
 A - 2 scrolls of blinking
 H - 4 scrolls of teleportation
 M - 2 scrolls of magic mapping
 O - a scroll of summoning
 P - a scroll of enchant weapon
 W - 3 scrolls of immolation
 Y - 2 scrolls of fog
Potions
 b - 2 potions of cancellation
 c - 8 potions of flight
 f - a potion of magic
 l - 2 potions of ambrosia
 m - 8 potions of curing
 p - 5 potions of might
 r - a potion of berserk rage
 s - 4 potions of resistance
 w - a potion of agility
 z - 4 potions of brilliance
 F - a potion of invisibility
 X - a potion of lignification
Miscellaneous
 e - a box of beasts
 N - a phantom mirror
Comestibles
 g - 54 rations


   Skills:
 + Level 8.9 Fighting
 - Level 10.0 Short Blades
 + Level 1.1(6.3) Long Blades
 + Level 1.9 Throwing
 + Level 9.6 Armour
 + Level 6.2 Dodging
 + Level 19.4 Stealth
 - Level 4.5 Shields
 * Level 8.4 Spellcasting
 * Level 7.1 Charms
 * Level 6.7 Necromancy
 * Level 10.4 Invocations
 + Level 1.5 Evocations


You had 19 spell levels left.
You knew the following spells:

 Your Spells              Type           Power        Failure   Level  Hunger
a - Beastly Appendage     Tmut           #.....       19%         1    None
b - Regeneration          Chrm/Necr      ####......   3%          3    None
c - Shroud of Golubria    Chrm/Tloc      ###.......   6%          2    None
d - Apportation           Tloc           #.....       19%         1    None
e - Invisibility          Hex            #.......     100%        6    ######.

Your spell library contained the following spells:

 Spells                   Type           Power        Failure   Level  Hunger
 Infusion                 Chrm           ####         1%          1    None
 Song of Slaying          Chrm           #####...     1%          2    None
 Spectral Weapon          Hex/Chrm       ###.....     13%         3    None
 Magic Dart               Conj           #...         19%         1    None
 Summon Butterflies       Summ           #.......     19%         1    None
 Blink                    Tloc           N/A          28%         2    None
 Call Imp                 Summ           #.......     28%         2    None
 Slow                     Hex            #.......     28%         2    None
 Sticks to Snakes         Tmut           #.......     28%         2    None
 Conjure Flame            Conj/Fire      #.......     50%         3    None
 Lesser Beckoning         Tloc           #.........   50%         3    None
 Mephitic Cloud           Conj/Pois/Air  #.......     50%         3    None
 Spider Form              Tmut/Pois      #.........   50%         3    None
 Tukima's Dance           Hex            #.......     50%         3    None
 Iskenderun's Battlesphe  Conj/Chrm      ###.....     75%         5    #####..
 Ice Form                 Ice/Tmut       #.......     88%         4    ###....
 Alistair's Intoxication  Tmut/Pois      #.......     99%         5    #####..
 Blade Hands              Tmut           #.........   99%         5    #####..
 Bolt of Magma            Conj/Fire/Erth #.........   99%         5    #####..
 Venom Bolt               Conj/Pois      #.........   99%         5    #####..
 Iron Shot                Conj/Erth      #.........   100%        6    ######.
 Orb of Destruction       Conj           #.........   100%        7    #######
 Spellforged Servitor     Conj/Summ      #.........   100%        7    #######


Dungeon Overview and Level Annotations

Branches:
Dungeon (15/15)            Temple (1/1) D:7            Lair (6/6) D:10
 Shoals (1/4) Lair:3       Spider (4/4) Lair:2        Slime (0/5) Lair:6
    Orc (0/2) D:11         Vaults (0/5) D:13         Depths (0/5) D:15

Altars:
Ashenzari
Cheibriados
Dithmenos
Elyvilon
Fedhas
Gozag
Hepliaklqana
Kikubaaqudgha
Makhleb
Nemelex Xobeh
Okawaru
Qazlal
Ru
Sif Muna
Trog
Uskayaw
Vehumet
Wu Jian
Xom
Yredelemnul
Zin
The Shining One
Beogh
Jiyva

Shops:
D:8 ?   D:9 =   D:10 (

Annotations:
D:3 1 runed translucent door, Yunesin's ghost, amateur OpBe
Lair:2 exclusion: ice statue
Lair:5 1 runed translucent door, Jaiteiro's ghost, journeyman GrFi
Lair:6 1 runed translucent door


Innate Abilities, Weirdness & Mutations

You have razor-sharp teeth.
You heal very quickly.
When hurt, damage is shared between your health and your magic reserves.
Your bite disrupts and absorbs the magic of your enemies.
Potions cannot restore your health.
You are immune to rotting.
You are partially covered in icy blue scales. (AC +2)
Your mind is acute. (Int +2)
You are frail. (-10% HP)
Your magical capacity is low. (-10% MP)


Message History

The jumping spider leaps!
The spark wasp buzzes angrily.
The spark wasp bursts into living lightning!
The living lightning hits you!
The spark wasp blinks! x2
The jumping spider leaps!
You hear an angry hiss.
The spark wasp stings you! The spark wasp shocks you!
The jumping spider leaps!
The jumping spider pounces on you!
You are caught in a web!
The jumping spider bites you but does no damage.
There is a web, spattered with blood here.
The web tears apart.
The spark wasp stings you!! The spark wasp shocks you!
* * * LOW HITPOINT WARNING * * *
The jumping spider pounces on you!
* * * LOW HITPOINT WARNING * * *
You are caught in a web!
The jumping spider bites you but does no damage.
A redback comes into view.
The spark wasp stings you!!
You die...

......†^^..............s..s.s
..^..††...............ss.^.○.
.[...........................
.......†.....................
.....#..(..^........s..s$....
......$...............^...#^.
.............°..............^
............^...sy...........
................@..^.........
............................$
........^..........<.^..^....
..........<....^.......^....
.......^.................^#
../.......................
....<....................
........................
..^^...........^.....


You could see an emperor scorpion, a spark wasp, 3 jumping spiders and a redback
(wandering).

Vanquished Creatures
  Gastronok (D:11)
  The ghost of shugdite the Warrior, a journeyman MiFi of Okawaru (D:15)
  An emperor scorpion (Spider:1)
  8 entropy weavers
  The ghost of Yingtong the Severer, a journeyman MiBe of Trog (D:15)
  2 spark wasps
  Snorg (D:11)
  Josephine (D:15)
  An ice dragon (Lair:2)
  4 vault guards (D:13)
  11 hydras
  A rakshasa (D:14)
  2 centaur warriors
  4 two-headed ogres
  A catoblepas (Lair:6)
  A death knight (D:15)
  4 death yaks (Lair:6)
  A deep troll shaman (Lair:6)
  A queen ant (Lair:4)
  A skeletal warrior (D:14)
  A sea snake (Shoals:1)
  2 unseen horrors
  A wolf spider zombie (D:15)
  Pikel (D:8)
  3 deep elf magi
  An orc knight (D:13)
  22 wolf spiders
  A phantasmal warrior (D:15)
  11 orb spiders
  A manticore (shapeshifter) (D:15)
  3 cyclopes
  5 manticores
  2 ugly things
  A moth of wrath (Spider:4)
  5 centaur zombies
  Joseph (D:9)
  A torpor snail (Spider:2)
  9 elephants (Lair:6)
  4 black mambas
  7 spiny frogs
  4 rime drakes
  2 centaur skeletons (D:15)
  10 demonic crawlers
  A kobold demonologist (D:12)
  6 komodo dragons
  2 freezing wraiths (D:15)
  4 merfolk (Shoals:1)
  6 meliai
  6 trolls
  A queen bee (Spider:3)
  4 hornets
  2 polar bears
  23 jumping spiders
  10 blink frogs
  A meliai zombie (D:11)
  A wind drake (Shoals:1)
  21 hippogriffs
  5 slime creatures
  A snapping turtle (Lair:3)
  2 dream sheep (D:9)
  20 tarantellas
  A shadow (D:12)
  A water elemental (Shoals:1)
  69 redbacks
  A human (shapeshifter) (D:13)
  8 wyverns
  21 yaks
  4 wraiths
  2 basilisks
  A hog (shapeshifter) (D:15)
  2 humans (D:8)
  6 hungry ghosts
  A vampire mosquito (D:13)
  A warg (D:13)
  7 soldier ants (Lair:4)
  An acid dragon (D:15)
  9 water moccasins
  5 porcupines
  12 ice beasts
  11 orc warriors
  2 black bears
  A hornet zombie (D:14)
  2 phantoms
  2 sky beasts
  A slave (D:8)
  An eye of draining (D:11)
  5 ogres
  11 centaurs
  10 wolves
  12 crocodiles
  11 big kobolds
  16 bullfrogs
  4 scorpions
  42 killer bees
  12 wights
  3 electric eels
  5 howler monkeys
  13 crimson imps
  A bullfrog zombie (D:10)
  2 lava snakes (D:14)
  3 bullfrog skeletons
  3 jellies
  4 hounds
  4 gnoll shamans (D:6)
  15 orc priests
  16 orc wizards
  3 iguanas
  30 worker ants
  2 hound zombies
  2 hound skeletons
  49 gnolls
  9 adders
  A howler monkey skeleton (D:4)
  3 river rats (Sewer)
  4 shadow imps
  3 white imps (Lair:2)
  4 oozes
  An adder zombie (D:5)
  2 adder skeletons
  3 worms
  4 dart slugs
  4 leopard geckos
  71 orcs
  2 ball pythons
  3 giant cockroaches
  6 goblins
  6 hobgoblins
  24 jackals
  5 quokkas
  13 bats
  3 frilled lizards
  28 kobolds
  A leopard gecko zombie (D:5)
  9 rats
921 creatures vanquished.

Vanquished Creatures (others)
  5 fungi
5 creatures vanquished.

Grand Total: 926 creatures vanquished

Notes
Turn   | Place    | Note
-------+----------+-------------------------------------------
     0 | D:1      | Kairos the Vine Stalker Assassin began the quest for the
                  | Orb.
     0 | D:1      | Reached XP level 1. HP: 11/11 MP: 2/2
    47 | D:1      | Reached skill level 5 in Stealth
    55 | D:1      | Reached XP level 2. HP: 6/15 MP: 3/3
   363 | D:1      | Reached skill level 1 in Dodging
   431 | D:1      | Reached XP level 3. HP: 15/18 MP: 4/4
  1313 | D:2      | Gained mutation: Your natural rate of healing is unusually
                  | fast. [Vine Stalker growth]
  1313 | D:2      | Reached XP level 4. HP: 22/23 MP: 5/5
  1422 | D:2      | Found an opulent altar of Gozag.
  1425 | D:2      | Found a radiant altar of Vehumet.
  1428 | D:2      | Found a blossoming altar of Fedhas.
  1439 | D:2      | Found a snail-covered altar of Cheibriados.
  1664 | D:3      | Reached skill level 6 in Stealth
  1673 | D:3      | Reached skill level 1 in Armour
  1702 | D:3      | Reached XP level 5. HP: 26/26 MP: 6/6
  1775 | D:3      | Found a runed translucent door.
  1775 | D:3      | Noticed Yunesin's ghost (amateur OpBe)
  1953 | D:3      | Reached skill level 1 in Shields
  2554 | D:4      | Reached XP level 6. HP: 30/30 MP: 7/7
  2695 | D:4      | Found a glowing golden altar of the Shining One.
  3094 | D:5      | Entered Level 5 of the Dungeon
  3110 | D:5      | Noticed a hungry ghost
  3146 | D:5      | Killed a hungry ghost
  3168 | D:5      | Reached XP level 7. HP: 35/35 MP: 8/8
  3247 | D:5      | Found a glowing drain.
  3292 | Sewer    | Entered a sewer
  3411 | Sewer    | Found a glowing silver altar of Zin.
  3528 | D:5      | Reached skill level 7 in Stealth
  3566 | D:5      | Found a white marble altar of Elyvilon.
  3566 | D:5      | Found a sparkling altar of Nemelex Xobeh.
  3790 | D:5      | Found a shadowy altar of Dithmenos.
  4116 | D:6      | Gained mutation: You have razor-sharp teeth. [Vine Stalker
                  | growth]
  4116 | D:6      | Reached XP level 8. HP: 39/39 MP: 9/9
  4304 | D:6      | Reached skill level 5 in Short Blades
  4320 | D:6      | Found an ancient bone altar of Kikubaaqudgha.
  4438 | D:6      | Got a fine scale mail
  4449 | D:6      | Identified the +2 scale mail "Iwkurew" {Str+3 Int+2} (You
                  | found it on level 6 of the Dungeon)
  4960 | D:6      | Reached skill level 8 in Stealth
  4991 | D:6      | Reached XP level 9. HP: 44/44 MP: 10/10
  5841 | D:7      | Found a staircase to the Ecumenical Temple.
  5866 | Temple   | Entered the Ecumenical Temple
  6100 | D:7      | Got a warped granite ring
  6173 | D:7      | Identified the ring "Dyhiaw" {rF+ MP+9 Dex+3 Slay+5} (You
                  | found it on level 7 of the Dungeon)
  6522 | D:8      | Noticed a two-headed ogre
  6538 | D:8      | Killed a two-headed ogre
  6538 | D:8      | Reached skill level 9 in Stealth
  6557 | D:8      | Found a hide-covered altar of Uskayaw.
  6564 | D:8      | Became a worshipper of Uskayaw the Reveler
  6581 | D:8      | Reached * piety under Uskayaw
  6584 | D:8      | Reached ** piety under Uskayaw
  6631 | D:8      | Reached XP level 10. HP: 51/51 MP: 11/11
  6631 | D:8      | Reached *** piety under Uskayaw
  6676 | D:8      | Reached **** piety under Uskayaw
  6690 | D:8      | Found Cebaud's Magic Scroll Emporium.
  6733 | D:8      | Found an iron altar of Okawaru.
  6767 | D:8      | Noticed Pikel
  6788 | D:8      | Killed Pikel
  6788 | D:8      | Reached skill level 5 in Armour
  6788 | D:8      | Reached skill level 10 in Stealth
  6798 | D:8      | Found a sacrificial altar of Ru.
  7071 | D:9      | Reached skill level 1 in Invocations
  7081 | D:9      | Reached ***** piety under Uskayaw
  7217 | D:9      | Noticed a two-headed ogre
  7225 | D:9      | Killed a two-headed ogre
  7225 | D:9      | Reached skill level 5 in Fighting
  7225 | D:9      | Reached skill level 11 in Stealth
  7239 | D:9      | Found a bloodstained altar of Trog.
  7355 | D:9      | Noticed Joseph
  7373 | D:9      | Killed Joseph
  7373 | D:9      | Reached XP level 11. HP: 46/55 MP: 14/14
  7644 | D:9      | Noticed a two-headed hydra
  7653 | D:9      | Killed a two-headed hydra
  7786 | D:9      | Found Kokhuoh's Jewellery Shop.
  7871 | D:10     | Entered Level 10 of the Dungeon
  7880 | D:10     | Found Buor Cagak's Weapon Shop.
  7908 | D:10     | Reached skill level 12 in Stealth
  7915 | D:10     | Killed an unseen horror
  8399 | D:10     | Learned a level 1 spell: Beastly Appendage
  8448 | D:10     | Found a staircase to the Lair.
  8578 | Lair:1   | Entered Level 1 of the Lair of Beasts
  8650 | Lair:1   | Learned a level 3 spell: Regeneration
  8770 | Lair:1   | Noticed a seven-headed hydra
  8780 | Lair:1   | Killed a seven-headed hydra
  8843 | Lair:1   | Reached skill level 13 in Stealth
  9057 | Lair:1   | Noticed a six-headed hydra
  9062 | Lair:1   | Killed a six-headed hydra
  9062 | Lair:1   | Reached skill level 5 in Invocations
  9062 | Lair:1   | Gained mutation: You heal very quickly. [Vine Stalker
                  | growth]
  9062 | Lair:1   | Reached XP level 12. HP: 60/60 MP: 16/16
  9526 | Lair:2   | Noticed an ice dragon
  9550 | Lair:2   | Killed an ice dragon
  9583 | Lair:2   | Reached skill level 14 in Stealth
  9719 | Lair:2   | Found a hole to the Spider Nest.
  9947 | Lair:2   | Got a crystal dagger
  9948 | Lair:2   | Identified the +5 dagger of Fear {freeze, rElec rF+ Int+4}
                  | (You found it on level 2 of the Lair of Beasts)
 10093 | D:8      | Bought a scroll of acquirement for 520 gold pieces
 10093 | D:8      | Bought a scroll of identify for 20 gold pieces
 10093 | D:8      | Bought 3 scrolls of identify for 60 gold pieces
 10093 | D:8      | Bought a scroll of identify for 20 gold pieces
 10093 | D:8      | Bought a scroll of identify for 20 gold pieces
 10122 | D:8      | Bought a scroll of enchant weapon for 75 gold pieces
 10122 | D:8      | Bought a scroll of identify for 20 gold pieces
 10201 | D:11     | Found a staircase to the Orcish Mines.
 10201 | D:11     | Noticed Gastronok
 10205 | D:11     | Killed Gastronok
 10637 | Lair:3   | Found a staircase to the Shoals.
 11267 | Lair:4   | Noticed an entropy weaver
 11297 | Lair:4   | Noticed a queen ant
 11303 | Lair:4   | Noticed an entropy weaver
 11394 | Lair:4   | Killed a queen ant
 11394 | Lair:4   | Reached skill level 15 in Stealth
 11523 | Lair:4   | Killed an entropy weaver
 11523 | Lair:4   | Reached skill level 1 in Spellcasting
 11523 | Lair:4   | Reached XP level 13. HP: 47/65 MP: 19/19
 12031 | Lair:4   | Killed an entropy weaver
 12226 | Lair:5   | Found a runed translucent door.
 12227 | Lair:5   | Noticed Jaiteiro's ghost (journeyman GrFi)
 12652 | Lair:5   | Learned a level 2 spell: Shroud of Golubria
 12797 | Lair:6   | Entered Level 6 of the Lair of Beasts
 12813 | Lair:5   | Reached skill level 1 in Evocations
 13525 | Lair:6   | Reached skill level 10 in Short Blades
 13600 | Lair:6   | Found a runed translucent door.
 13600 | Lair:6   | Found a viscous altar of Jiyva.
 13602 | Lair:6   | Found a staircase to the Slime Pits.
 13648 | Lair:6   | Reached skill level 1 in Charms
 13809 | Lair:6   | Reached skill level 16 in Stealth
 13823 | Lair:6   | Reached skill level 1 in Necromancy
 13823 | Lair:6   | Reached XP level 14. HP: 62/72 MP: 21/21
 13872 | Lair:6   | Learned a level 1 spell: Apportation
 13879 | Lair:6   | Learned a level 6 spell: Invisibility
 14169 | Shoals:1 | Entered Level 1 of the Shoals
 14319 | Shoals:1 | Reached skill level 5 in Dodging
 14319 | Shoals:1 | Reached skill level 5 in Spellcasting
 14470 | Spider:1 | Entered Level 1 of the Spider Nest
 14536 | Spider:1 | Reached ****** piety under Uskayaw
 15251 | Spider:1 | Noticed an entropy weaver
 15251 | Spider:1 | Noticed an entropy weaver
 15370 | Lair:2   | Killed an entropy weaver
 15420 | Spider:1 | Killed an entropy weaver
 15423 | Spider:1 | Reached skill level 1 in Long Blades
 15642 | Spider:1 | Reached skill level 17 in Stealth
 15741 | Spider:1 | Reached XP level 15. HP: 59/77 MP: 24/24
 15752 | Spider:1 | Noticed an emperor scorpion
 15761 | Spider:1 | Killed an emperor scorpion
 17094 | Spider:2 | Reached skill level 5 in Charms
 17290 | Spider:2 | Gained mutation: Scrolls take you a little longer to read.
                  | [potion of mutation]
 17290 | Spider:2 | Gained mutation: Your body sometimes deteriorates upon
                  | taking damage. [potion of mutation]
 17290 | Spider:2 | Gained mutation: You are somewhat resistant to further
                  | mutation. [potion of mutation]
 17291 | Spider:2 | Lost mutation: Your body sometimes deteriorates upon taking
                  | damage. [potion of mutation]
 17291 | Spider:2 | Lost mutation: You are somewhat resistant to further
                  | mutation. [potion of mutation]
 17291 | Spider:2 | Lost mutation: Scrolls take you a little longer to read.
                  | [potion of mutation]
 17291 | Spider:2 | Gained mutation: You are frail. (-10% HP) [potion of
                  | mutation]
 17291 | Spider:2 | Gained mutation: You are partially covered in iridescent
                  | scales. (AC +2) [potion of mutation]
 17291 | Spider:2 | Gained mutation: You are partially covered in slimy green
                  | scales. (AC +2) [potion of mutation]
 17292 | Spider:2 | Lost mutation: You are frail. (-10% HP) [potion of
                  | mutation]
 17292 | Spider:2 | Lost mutation: You are partially covered in iridescent
                  | scales. (AC +2) [potion of mutation]
 17292 | Spider:2 | Lost mutation: You are partially covered in slimy green
                  | scales. (AC +2) [potion of mutation]
 17292 | Spider:2 | Gained mutation: You are frail. (-10% HP) [potion of
                  | mutation]
 17292 | Spider:2 | Gained mutation: Your magical capacity is low. (-10% MP)
                  | [potion of mutation]
 17292 | Spider:2 | Gained mutation: You are partially covered in icy blue
                  | scales. (AC +2) [potion of mutation]
 17292 | Spider:2 | Gained mutation: Your mind is acute. (Int +2) [potion of
                  | mutation]
 17708 | D:11     | Found a roughly hewn altar of Beogh.
 17816 | D:11     | Reached skill level 5 in Necromancy
 17844 | D:11     | Noticed Snorg
 17856 | D:11     | Killed Snorg
 18348 | D:11     | Found a roughly hewn altar of Beogh.
 19346 | D:13     | Reached skill level 18 in Stealth
 19790 | D:13     | Found a gate to the Vaults.
 19820 | D:13     | Reached XP level 16. HP: 58/72 MP: 24/24
 19834 | D:13     | Paralysed by a hornet for 1 turns
 21313 | D:14     | Reached skill level 10 in Invocations
 21480 | D:15     | Entered Level 15 of the Dungeon
 21692 | D:15     | Got an encrusted ring mail
 21703 | D:15     | Identified the +2 ring mail of Recoal {-Cast Int+5} (You
                  | found it on level 15 of the Dungeon)
 21951 | D:15     | Noticed Josephine
 21959 | D:15     | Killed Josephine
 22010 | D:15     | Found a staircase to the Depths.
 22219 | D:15     | Found a runed translucent gate.
 22241 | D:15     | Found a runed translucent gate.
 22241 | D:15     | Found a runed translucent gate.
 22241 | D:15     | Noticed Yingtong's ghost (journeyman MiBe)
 22242 | D:15     | Noticed shugdite's ghost (journeyman MiFi)
 22296 | D:15     | Killed shugdite's ghost
 22296 | D:15     | Reached skill level 19 in Stealth
 22297 | D:15     | Killed Yingtong's ghost
 22311 | D:15     | Got an encrusted cloak
 22322 | D:15     | Identified the cursed -3 cloak of a volcano {rPois Regen+
                  | Int+4} (You found it on level 15 of the Dungeon)
 23399 | Spider:4 | Entered Level 4 of the Spider Nest
 23440 | Spider:4 | Reached XP level 17. HP: 32/77 MP: 27/27
 23546 | Spider:4 | Demolished by a spark wasp

Skill      XL: |  1  2  3  4  5  6  7  8  9 10 11 12 13 14 15 16 |
---------------+-------------------------------------------------+-----
Stealth        | 5 6 7 8 9 11 13 15 16 17 18 19 | 19.4
Dodging        | 1 2 3 4 5 6 |  6.2
Fighting       | 2 3 4 5 6 7 8 |  8.9
Short Blades   | 2 3 4 5 7 8 9 10 | 10.0
Armour         | 1 2 3 4 5 6 7 8 9 |  9.6
Shields        | 1 2 3 4 |  4.5
Invocations    | 3 5 6 8 9 10 | 10.4
Spellcasting   | 1 4 5 7 8 |  8.4
Evocations     | 1 |  1.5
Charms         | 1 4 5 7 |  7.1
Necromancy     | 1 3 5 6 |  6.7
Long Blades    | 1 |  1.1
Throwing       | |  1.9

Action                   |  1- 3 |  4- 6 |  7- 9 | 10-12 | 13-15 | 16-18 || total
-------------------------+-------+-------+-------+-------+-------+-------++-------
Melee: Dagger            |   111 |   213 |   536 |   519 |   997 |   572 ||  2948
       Bite              |    27 |    66 |   232 |   272 |   529 |   320 ||  1446
       Demon blade       |       |       |       |       |     5 |       ||     5
Evoke: Wand              |       |       |     1 |     3 |     5 |       ||     9
  Use: Scroll            |     2 |     6 |     2 |    15 |    13 |     4 ||    42
       Potion            |       |       |     1 |     2 |     8 |     1 ||    12
 Stab: Sleeping          |     4 |     8 |     6 |    26 |    41 |    24 ||   109
       Distracted        |     1 |     1 |     1 |     2 |     5 |     2 ||    12
       Paralysed         |       |       |       |    34 |    82 |    40 ||   156
       Petrifying        |       |       |       |       |     1 |       ||     1
       Petrified         |       |       |       |       |     1 |       ||     1
  Eat: Chunk             |     1 |     4 |     7 |     4 |    11 |     9 ||    36
       Ration            |       |     3 |     2 |     3 |     5 |     1 ||    14
Armor: Robe              |     5 |       |       |       |       |       ||     5
       Ring mail         |    45 |    62 |    49 |       |       |       ||   156
       Scale mail        |       |       |    91 |   110 |   243 |    83 ||   527
Dodge: Dodged            |    51 |    77 |   175 |   120 |   400 |   161 ||   984
       Deflected         |       |       |       |       |    11 |     2 ||    13
Block: Buckler           |    14 |    33 |    84 |    77 |   213 |   101 ||   522
